 Dungeon Crawl Stone Soup version 0.31-a0-150-g89dc3ad700 (webtiles) character file.

Game seed: 17088088369085863090

210 qw the Shooter (level 5, -14/33 HPs)
             Began as a Gargoyle Hunter on June 8, 2023.
             Killed from afar by Ijyb (17 damage)
             ... with an iceblast
             ... on level 3 of the Dungeon.
             The game lasted 00:01:01 (2062 turns).

qw the Shooter (Gargoyle Hunter)                    Turns: 2062, Time: 00:01:02

Health: -14/33     AC:  7    Str: 14    XL:     5   Next: 87%
Magic:  5/5        EV: 11    Int: 10    God:
Gold:   171        SH:  0    Dex: 15    Spells: 4/4 levels left

rFire   . . .        Y - +1 shortbow
rCold   . . .        (shield currently unavailable)
rNeg    + . .        c - +0 leather armour
rPois   inf          (no helmet)
rElec   +            (no cloak)
rCorr   .            (no gloves)
SInv    .            (no boots)
Will    .....        (no amulet)
Stlth   ++           (no ring)
HPRegen 0.25/turn    (no ring)
MPRegen 0.09/turn

%: no passive effects
@: no status effects
A: sickness immunity, AC +4, negative energy resistance 1, electricity
resistance, torment resistance 1, petrification resistance
a: no special abilities


You were on level 3 of the Dungeon.
You visited 1 branch of the dungeon, and saw 3 of its levels.

You collected 171 gold pieces.


Innate Abilities, Weirdness & Mutations

You are immune to sickness and miasma.
Your stone body is resilient. (AC +4)
You are immune to poison.
You resist negative energy. (rN+)
You are resistant to electric shocks. (rElec)
You are resistant to unholy torment.
You are immune to petrification.


   Skills:
 - Level 4.0 Fighting
 + Level 6.1 Ranged Weapons
 - Level 1.5 Dodging
 - Level 1.1 Stealth


You had 4 spell levels left.
You didn't know any spells.
Your spell library was empty.

Inventory:

Hand Weapons
 Y - a +1 shortbow (weapon)
Armour
 c - a +0 leather armour (worn)
 e - a +0 cloak
 g - a +0 ring mail
Scrolls
 a - a scroll of teleportation {unknown}
 b - 2 scrolls of identify
 i - a scroll of torment {unknown}
Potions
 d - 2 potions of attraction {unknown}
 f - a potion of might {unknown}
 h - 2 potions of curing {unknown}

Dungeon Overview and Level Annotations

Branches:
Dungeon (3/15)

Altars:

Annotations:
D:3 Ijyb


Message History

2045 ||| FLEEEEING.
There is an open door here.
Enter note:
Enter note:
Enter note:
Enter note:
Enter note:
Enter note:
Enter note:
Enter note:
Enter note:
Enter note:
Enter note:
Enter note:
2046 ||| FLEEEEING.
2051 ||| FLEEEEING.
2052 ||| FLEEEEING.
2053 ||| FLEEEEING.
2054 ||| FLEEEEING.
You shoot an arrow. The arrow hits Ijyb.
Ijyb is lightly wounded.
Ijyb zaps a wand.
The mass of ice explodes!
The iceblast engulfs you.
You shoot an arrow. The arrow barely misses Ijyb.
You shoot an arrow. The arrow closely misses Ijyb.
You shoot an arrow. The arrow hits Ijyb.
Ijyb is moderately wounded.
Ijyb zaps a wand.
The mass of ice explodes!
The iceblast engulfs you!
You shoot an arrow. The arrow hits Ijyb but does no damage.
Ijyb is moderately wounded.
Ijyb zaps a wand.
The mass of ice explodes!
The iceblast engulfs you.
You shoot an arrow. The arrow hits Ijyb but does no damage.
Ijyb is moderately wounded.
Ijyb screams, "I no like you!"
You shoot an arrow. The arrow closely misses Ijyb.
Ijyb zaps a wand.
The mass of ice explodes!
The iceblast engulfs you.
You shoot an arrow. The arrow hits Ijyb.
Ijyb is heavily wounded.
Ijyb zaps a wand.
The mass of ice explodes!
The iceblast engulfs you!
Ouch! That really hurt!
You die...

##..# #..##.#.#.#.#.####.# #...#
#..#..........# #.# #..)#
#.........#.### #.#
#...#####..#....###.# #.#
#..........##.#.# #.# #.#
#)..##.###.##.#.# #.# #.#
#..........##.#.. ..# #.#
#......######+#### #.#
#####.###### ##@..## #.#
#.......# ##.....## ####.#
#.###.#.# ##..g....## ##.##.#
#.###....# #........>####...#.#
........... +.....(...'........#
#.##.....####.....[...####...#.#
#.###.#.## ##.......## ##.##.#
#.# #.#.# ##.....## ####.# #..
....# ##...## #.#


You could see Ijyb.

Vanquished Creatures
  An orc priest (D:3)
  Terence (D:2)
  Jessica (D:3)
  3 adders
  4 worms
  3 dart slugs
  8 orcs (D:3)
  7 endoplasms
  3 giant cockroaches
  11 goblins
  4 hobgoblins
  4 jackals (D:1)
  A quokka (D:2)
  9 ball pythons
  2 bats
  3 frilled lizards
  5 kobolds
  5 rats
75 creatures vanquished.

Notes
Turn   | Place    | Note
-------+----------+-------------------------------------------
     0 | D:1      | qw the Gargoyle Hunter began the quest for the Orb.
     0 | D:1      | Reached XP level 1. HP: 12/12 MP: 1/1
     0 | D:1      | 0 ||| qw: Version: 0.2-a-120-gdf1a93b
     0 | D:1      | 0 ||| qw: Game counter: 3016
     0 | D:1      | 0 ||| qw: Always use a shield: true
     0 | D:1      | 0 ||| qw: God list: Okawaru
     0 | D:1      | 0 ||| qw: Allow faded altars: false
     0 | D:1      | 0 ||| qw: Do Orc after D:15 true
     0 | D:1      | 0 ||| qw: Do second Lair branch before Depths: true
     0 | D:1      | 0 ||| qw: Lair rune preference: random
     0 | D:1      | 0 ||| qw: Plans: Normal
     0 | D:1      | 0 ||| PLANNING D:1-11
   108 | D:1      | 108 ||| READING scroll labelled ILAUDU IXUUJ.
   109 | D:1      | 109 ||| READING scroll labelled GUICHE FITZE.
   110 | D:1      | 110 ||| READING scroll labelled YMOAMP TA WOTT.
   111 | D:1      | 111 ||| READING scroll labelled YDDISI HAVVIS.
   112 | D:1      | 112 ||| READING 2 scrolls labelled BANUEN INWOW.
   113 | D:1      | 113 ||| DROPPING scroll of butterflies.
   114 | D:1      | 114 ||| DROPPING scroll of amnesia.
   118 | D:1      | Reached XP level 2. HP: 17/17 MP: 2/2
   233 | D:1      | Reached XP level 3. HP: 21/21 MP: 3/3
   254 | D:1      | Reached skill level 5 in Ranged Weapons
   520 | D:1      | 520 ||| READING scroll labelled RIAGIE DIUKKY.
   640 | D:2      | Found a faded altar of an unknown god.
   649 | D:2      | Reached skill level 3 in Fighting
   783 | D:2      | Reached XP level 4. HP: 21/28 MP: 4/4
   783 | D:2      | 783 ||| FLEEEEING.
   784 | D:2      | 784 ||| FLEEEEING.
   785 | D:2      | 785 ||| FLEEEEING.
   786 | D:2      | 786 ||| FLEEEEING.
   787 | D:2      | 787 ||| FLEEEEING.
   788 | D:2      | 788 ||| FLEEEEING.
   789 | D:2      | 789 ||| FLEEEEING.
   790 | D:2      | 790 ||| FLEEEEING.
   791 | D:2      | 791 ||| FLEEEEING.
   797 | D:2      | 797 ||| FLEEEEING.
  1200 | D:2      | 1200 ||| READING scroll labelled LUEMY PYVVEPU.
  1201 | D:2      | 1201 ||| READING 2 scrolls of identify.
  1201 | D:2      | 1201 ||| IDENTIFYING red potion
  1202 | D:2      | 1202 ||| DROPPING potion of degeneration.
  1214 | D:3      | Noticed Terence
  1220 | D:3      | 1220 ||| STAIRDANCE
  1233 | D:2      | HP: 6/28 [Terence/+0 flail (4)]
  1236 | D:2      | Killed Terence
  1328 | D:3      | Reached XP level 5. HP: 32/32 MP: 5/5
  1349 | D:3      | Noticed Jessica
  1356 | D:3      | Killed Jessica
  1357 | D:3      | Reached skill level 6 in Ranged Weapons
  2036 | D:3      | Noticed Ijyb
  2038 | D:3      | 2038 ||| FLEEEEING.
  2044 | D:3      | 2044 ||| FLEEEEING.
  2045 | D:3      | 2045 ||| FLEEEEING.
  2046 | D:3      | 2046 ||| FLEEEEING.
  2051 | D:3      | 2051 ||| FLEEEEING.
  2052 | D:3      | 2052 ||| FLEEEEING.
  2053 | D:3      | 2053 ||| FLEEEEING.
  2054 | D:3      | 2054 ||| FLEEEEING.
  2059 | D:3      | HP: 8/33 [Ijyb/iceblast (1)]
  2061 | D:3      | HP: 3/33 [Ijyb/iceblast (6)]
  2062 | D:3      | Killed from afar by Ijyb

Levels and vault maps discovered:
D:1:      dpeg_arrival_round_c, layout_rooms, nicolae_kite_square_tiling_tiny
D:2:      layout_basic, hellmonk_ecumenical_altar_pennies_from_heaven
D:3:      layout_loops_corners, uniq_terence, uniq_ijyb, uniq_jessica

Skill      XL: |  1  2  3  4  5 |
---------------+----------------+-----
Ranged Weapons | 5 6 |  6.1
Fighting       | 3 4 |  4.0
Dodging        | |  1.5
Stealth        | |  1.1

Action                     |  1- 3 |  4- 6 || total
---------------------------+-------+-------++-------
   Fire: Shortbow          |    93 |   126 ||   219
    Use: Scroll            |     6 |     2 ||     8
 Armour: Leather armour    |     4 |    13 ||    17
  Dodge: Dodged            |     8 |    29 ||    37

Table legend:
 A = Non-vault XP
 B = Vault XP
 C = Vault XP percentage of total XP
 D = Non-vault monster count
 E = Vault monster count
 F = Vault count percentage of total count
                 A         B        C        D         E       F
            +---------+---------+-------+---------+---------+-------
      Total |     225 |      75 |  25.0 |      73 |       2 |   2.7
            +---------+---------+-------+---------+---------+-------
        D:1 |      56 |       0 |   0.0 |      33 |       0 |   0.0
        D:2 |      68 |      38 |  35.8 |      19 |       1 |   5.0
        D:3 |     101 |      37 |  26.8 |      21 |       1 |   4.5
            +---------+---------+-------+---------+---------+-------
